 Dungeon Crawl Stone Soup version 0.18-a0-63-g789eb7d (webtiles) character file.

94175 ReteAZ the Executioner (level 15, -14/141 HPs)
             Began as a Minotaur Berserker on Nov 9, 2015.
             Was the Champion of Jiyva.
             Demolished by a deep troll (24 damage)
             ... created by the rage of Trog
             ... on level 1 of the Elven Halls on Nov 10, 2015.
             The game lasted 01:54:28 (30333 turns).

ReteAZ the Executioner (Minotaur Berserker)        Turns: 30333, Time: 01:54:29

Health: -14/141    AC: 18    Str: 31    XL:     15   Next: 25%
Magic:  23/23      EV: 15    Int:  9    God:    Jiyva [******]
Gold:   209        SH:  0    Dex: 16    Spells: 0 memorised, 14 levels left

rFire  + . .     SeeInvis .     t - +1 battleaxe of the Unspeakable One {freeze, Int+2}
rCold  . . .     Rnd*Rage +     z - +2 plate armour {rPois}
rNeg   + + .     SustAt   .     (shield currently unavailable)
rPois  +         Gourm    .     V - +1 hat
rElec  +         Spirit   .     q - +0 cloak
rCorr  +         Warding  +     (no gloves)
rMut   .         Stasis   .     K - +0 pair of boots {Stlth+}
MR     ++...                    E - amulet of warding
Stlth  ..........               e - ring "Ygoathol" {rN+ MR+ Str+6}
                                Y - ring "Jerau" {rF+ MP+9 Str+4}

@: exhausted, about to teleport, slowed, very slow, very resistant to hostile
enchantments, extremely unstealthy
A: retaliatory headbutt, hooves 1, horns 2, agile 1, berserk 1, mutation
resistance 1, shaggy fur 1, electricity resistance, spit poison 1, acidic bite,
eyeballs 1, pseudopods 1, translucent skin 2, tendrils, jelly sensing items,
jelly absorbing missiles
a: Spit Poison, Request Jelly, Jelly Paralyse, Slimify, Cure Bad Mutation,
Renounce Religion
}: 1/15 runes: slimy


You were on level 1 of the Elven Halls.
You worshipped Jiyva.
Jiyva was exalted by your worship.
You were very full.

You visited 5 branches of the dungeon, and saw 31 of its levels.
You also visited: Labyrinth and Ossuary.

You collected 1728 gold pieces.
You spent 1519 gold pieces at shops.

Inventory:

Hand Weapons
 l - a +1 falchion of flaming
 t - the +1 battleaxe of the Unspeakable One (weapon) {freeze, Int+2}
   (You bought it in a shop on level 4 of the Orcish Mines)

   It has been specially enchanted to freeze those struck by it, causing extra
   injury to most foes and up to half again as much damage against particularly
   susceptible opponents.
   It can also slow down cold-blooded creatures.
   It affects your intelligence (+2).
 H - the +1 war axe of Noon {antimagic, Str-2 Int+2 SInv}
   (You found it on level 6 of the Pits of Slime)

   It disrupts the flow of magical energy around spellcasters and certain
   magical creatures (including the wielder).
   It affects your strength (-2).
   It affects your intelligence (+2).
   It lets you see invisible.
Missiles
 P - 22 tomahawks (quivered)
Armour
 q - a +0 cloak (worn)
 z - a +2 plate armour of poison resistance (worn)
 K - a +0 pair of boots of stealth (worn)
 Q - the +2 leather armour of Refuge {rCorr Int+8 Stlth-}
   (You found it on level 8 of the Dungeon)

   It affects your intelligence (+8).
   It protects you from acid and corrosion.
   It makes you less stealthy.
 V - a +1 hat (worn)
Jewellery
 e - the ring "Ygoathol" (right hand) {rN+ MR+ Str+6}
   (You found it on level 8 of the Lair of Beasts)

   [ring of protection from magic]

   It affects your strength (+6).
   It protects you from negative energy.
   It affects your resistance to hostile enchantments.
 m - an uncursed ring of protection from fire
 o - an uncursed amulet of resist mutation
 E - an amulet of warding (around neck)
 L - an uncursed ring of see invisible
 U - a +3 ring of dexterity
 Y - the ring "Jerau" (left hand) {rF+ MP+9 Str+4}
   (You found it on level 6 of the Pits of Slime)

   [ring of protection from fire]

   It affects your strength (+4).
   It protects you from fire.
   It affects your magic capacity (+9).
Wands
 j - a wand of fireball (1)
 k - a wand of teleportation (5)
 y - a wand of digging (5)
 J - a wand of draining (0)
 N - a wand of fire (0)
 O - a wand of draining (5)
 T - a wand of magic darts (36)
Scrolls
 a - a scroll of identify
 g - a scroll of summoning
 h - 16 scrolls of remove curse
 i - 4 scrolls of recharging
 p - 4 scrolls of enchant weapon
 r - 3 scrolls of teleportation
 u - a scroll of amnesia
 v - 2 scrolls of magic mapping
 w - a scroll of brand weapon
 F - 2 scrolls of enchant armour
Potions
 b - a potion of might
 d - 6 potions of curing
 f - 4 potions of heal wounds
 n - a potion of haste
 x - 2 potions of invisibility
 A - 3 potions of agility
 B - 5 potions of cancellation
 C - 2 potions of resistance
 G - 2 potions of magic
 M - 3 potions of flight
 R - 7 potions of brilliance
Books
 X - the Volume of Creative Protection
   (You found it on level 6 of the Pits of Slime)

   Spells                             Type                      Level
   a - Shroud of Golubria             Charms/Translocation         2
   b - Summon Guardian Golem          Hexes/Summoning              3
   c - Summon Ice Beast               Ice/Summoning                4
   d - Excruciating Wounds            Charms/Necromancy            5
   e - Haste                          Charms                       6
 Z - a book of Minor Magic

   Spells                             Type                      Level
   a - Magic Dart                     Conjuration                  1
   b - Blink                          Translocation                2
   c - Call Imp                       Summoning                    2
   d - Repel Missiles                 Charms/Air                   2
   e - Slow                           Hexes                        2
   f - Conjure Flame                  Conjuration/Fire             3
   g - Mephitic Cloud                 Conjuration/Poison/Air       3
Comestibles
 c - 9 bread rations {@e1}
 s - 15 meat rations {@e2}
 D - 2 royal jellies
 I - 6 fruits
 S - 7 slices of pizza


   Skills:
 + Level 15.1 Fighting
 - Level 21.2 Axes
 - Level 13.2 Armour
 - Level 11.0 Dodging


You had 14 spell levels left.
You didn't know any spells.

Dungeon Overview and Level Annotations

Branches:
Dungeon (12/15)            Temple (0/1) D:6            Lair (8/8) D:10
  Swamp (0/4) Lair:3       Spider (0/4) Lair:6        Slime (6/6) Lair:6
    Orc (4/4) D:12            Elf (1/3) Orc:4

Altars:
Ashenzari
Fedhas
Makhleb
Okawaru
Qazlal
Trog
Vehumet
Xom
Zin
Beogh
Jiyva

Shops:
Orc:3 %   Orc:4 :[!*(

Annotations:
Lair:1 exclusion: oklob plant
Lair:6 exclusion: oklob plant
Lair:8 exclusion: oklob plant


Innate Abilities, Weirdness & Mutations

You reflexively headbutt those who attack you in melee.
You have a pair of horns on your head.
You have large cloven feet.
You are agile. (Dex +2)
You tend to lose your temper in combat.
You are somewhat resistant to further mutation.
You are covered in fur (AC +1).
You are resistant to electric shocks.
You can spit weak poison.
You have acidic saliva.
Your body is partially covered in golden eyeballs (Acc +3).
Armour fits poorly on your pseudopods.
Your skin is mostly translucent (Stealth, -foe acc).
You are covered in slimy tendrils that may disarm your opponents.
You have a small jelly attached to you that senses nearby items.
You have a small jelly attached to you that may absorb incoming projectiles.


Message History

Drink which item? (? for menu, Esc to quit)
Okay, then.
Read which item? (? for menu, Esc to quit)
Okay, then.
Okay, then.
Drink which item? (? for menu, Esc to quit)
You feel much better. The deep troll bites you!
* * * LOW HITPOINT WARNING * * *
The deep troll claws you!
* * * LOW HITPOINT WARNING * * *
The deep troll barely misses you. The troll bites you but does no damage.
The troll misses you. The troll claws you.
* * * LOW HITPOINT WARNING * * *
The polar bear misses you. You furiously retaliate!
You headbutt the polar bear. The polar bear barely misses you.
The polar bear claws you but does no damage.
The polar bear barely misses you.
The polar bear claws you but does no damage.
The polar bear completely misses you. The deep troll bites you!!
You die...

##.....## ##.......##
#.....####.....[...###
##.......'......>..'..
##...####.........###
##...######.......## #
##........###.....## #
#.......#.# ##...## #
#....hTh#.# ##'## #
#....T@.#.# #. #
##........# #.
##...#......#
###.#.####.. #.#.# >
#.#.# #.... ## .#


You could see a deep troll (berserk), 2 polar bears and a troll (berserk).

Vanquished Creatures
  Rupert (D:12)
  The ghost of ReteAZ the Severer, a journeyman MiBe of Trog (Lair:5)
  3 dire elephants (Lair:8)
  A deep elf demonologist (Elf:1)
  The ghost of timbw the Brawler, a journeyman TrFi of Okawaru (Orc:4)
  Josephine (D:10)
  A minotaur (Lab)
  4 hydras
  An anaconda (Lair:8)
  A deep troll earth mage (D:12)
  An orc high priest (Orc:4)
  A death yak (Lair:4)
  Sonja (D:11)
  A deep elf knight (Elf:1)
  3 deep trolls
  11 deep elf summoners (Elf:1)
  3 unseen horrors
  Pikel (D:5)
  4 hill giants
  2 deep elf conjurers (Elf:1)
  4 griffons
  2 ugly things
  2 manticores
  2 orc sorcerers (Orc:4)
  24 elephants
  4 black mambas
  A cyclops (D:12)
  Maurice (D:11)
  7 spiny frogs
  A torpor snail (Lair:4)
  A fire drake (Lair:4)
  6 komodo dragons
  10 trolls
  2 deep elf priests (Elf:1)
  7 polar bears
  Grinder (D:5)
  4 two-headed ogres
  Prince Ribbit (D:6)
  A giant leech (Lair:3)
  A trapdoor spider zombie (D:12)
  4 wraiths
  Sigmund (D:5)
  15 blink frogs
  52 yaks
  3 basilisks
  5 deep elf magi
  11 hippogriffs
  7 deep elf fighters (Elf:1)
  4 hungry ghosts
  3 wargs
  3 swamp worms (Lair:3)
  25 orc warriors
  13 porcupines
  6 ice beasts
  A necrophage (D:12)
  5 sky beasts
  15 ogres
  2 phantoms
  2 slaves (D:5)
  19 crocodiles
  2 wasps
  13 water moccasins
  8 black bears
  3 centaurs
  Blork the orc (Orc:4)
  3 big kobolds (D:8)
  20 giant frogs
  3 water moccasin zombies
  14 killer bees
  4 scorpions
  4 wights (D:7)
  3 centaur zombies
  2 electric eels
  3 quasits
  2 giant frog zombies
  5 crimson imps
  3 centaur skeletons
  4 jellies
  A wasp zombie (D:5)
  6 giant frog skeletons
  27 orc priests
  42 orc wizards
  Jessica (D:2)
  4 hounds
  9 iguanas
  2 sheep (D:8)
  3 worker ants
  2 big kobold zombies (Ossuary)
  A hound zombie (D:5)
  2 mummies (Ossuary)
  A worker ant zombie (D:5)
  89 river rats
  16 adders
  A shadow imp (D:9)
  5 oozes
  An adder skeleton (D:8)
  5 adder zombies (Ossuary)
  3 worms
  147 orcs
  A ball python (D:6)
  11 hobgoblins
  18 jackals
  9 kobolds
  6 quokkas
  7 bats
  5 giant cockroaches
  4 giant geckos
  4 giant newts
  6 gnoll zombies (Ossuary)
  13 goblins
  3 hobgoblin zombies (Ossuary)
  A jackal skeleton (D:7)
  3 kobold zombies (Ossuary)
  An orc zombie (Ossuary)
  A quokka zombie (D:8)
  8 rats
  5 fungi
  9 plants
901 creatures vanquished.

Vanquished Creatures (collateral kills)
  2 dire elephants (Lair:8)
  Snorg (Lair:5)
  A catoblepas (Lair:4)
  A hydra (D:8)
  A spiny frog (Lair:5)
  A hippogriff (Lair:2)
  2 wargs (D:10)
  2 orc warriors
  2 electric eels (Lair:1)
  An orc priest (D:10)
  An orc (D:10)
15 creatures vanquished.

Vanquished Creatures (others)
  6 acid blobs (Slime:6)
  An azure jelly (Slime:6)
  2 death oozes (Slime:6)
  A great orb of eyes (Slime:3)
  A shining eye (Slime:6)
  2 deep elf priests (Elf:1)
  9 slime creatures
  A deep elf mage (Elf:1)
  4 deep elf fighters (Elf:1)
  A yak (D:12)
  A hippogriff (shapeshifter) (Elf:1)
  4 orc warriors (Orc:4)
  An eye of draining (Slime:6)
  A black bear (Orc:3)
  An ogre (Orc:4)
  A giant frog (D:6)
  A killer bee (D:11)
  53 jellies
  An electric eel (D:11)
  A crimson imp (D:10)
  2 orc priests (Orc:4)
  2 orc wizards
  A worker ant (D:12)
  An iguana (D:6)
  An adder (D:6)
  A river rat (Lair:1)
  A shadow imp (D:12)
  2 worms (D:11)
  28 orcs
  9 fungi
  23 plants
164 creatures vanquished.

Grand Total: 1080 creatures vanquished

Notes
Turn   | Place    | Note
--------------------------------------------------------------
     0 | D:1      | ReteAZ the Minotaur Berserker began the quest for the Orb.
     0 | D:1      | Reached XP level 1. HP: 19/19 MP: 0/0
   168 | D:1      | Reached skill level 4 in Axes
   293 | D:1      | Reached XP level 2. HP: 24/26 MP: 1/1
   444 | D:1      | Reached ** piety under Trog
   532 | D:1      | Reached skill level 5 in Axes
   639 | D:1      | Reached XP level 3. HP: 20/31 MP: 2/2
  1141 | D:2      | Found a shimmering altar of Xom.
  1242 | D:2      | Noticed Jessica
  1249 | D:2      | Killed Jessica
  1249 | D:2      | Reached skill level 6 in Axes
  1249 | D:2      | Reached XP level 4. HP: 39/39 MP: 3/3
  1422 | D:2      | Found a bloodstained altar of Trog.
  1901 | D:3      | Reached *** piety under Trog
  2070 | D:3      | Reached skill level 7 in Axes
  2070 | D:3      | Reached XP level 5. HP: 45/45 MP: 4/4
  3066 | D:4      | Reached skill level 8 in Axes
  3066 | D:4      | Reached XP level 6. HP: 44/51 MP: 5/5
  3139 | D:4      | Reached skill level 9 in Axes
  3455 | D:5      | Entered Level 5 of the Dungeon
  3525 | D:5      | Reached XP level 7. HP: 43/57 MP: 6/6
  3616 | D:5      | Noticed Grinder
  3627 | D:5      | Paralysed by Grinder for 4 turns
  3634 | D:5      | Killed Grinder
  3634 | D:5      | Reached skill level 10 in Axes
  3639 | D:5      | Reached **** piety under Trog
  3792 | D:5      | Noticed Pikel
  3818 | D:5      | Killed Pikel
  3818 | D:5      | Reached skill level 12 in Axes
  3818 | D:5      | Reached XP level 8. HP: 64/64 MP: 7/7
  3968 | D:5      | Noticed Sigmund
  3994 | D:5      | Killed Sigmund
  4331 | D:5      | Reached skill level 13 in Axes
  4611 | D:5      | Found an iron altar of Okawaru.
  4612 | D:5      | Found a blossoming altar of Fedhas.
  5213 | D:6      | Found a sand-covered staircase.
  5426 | Ossuary  | Entered an ossuary
  5547 | Ossuary  | Reached XP level 9. HP: 61/70 MP: 8/8
  5649 | Ossuary  | Reached skill level 14 in Axes
  5873 | D:6      | Noticed Prince Ribbit
  6387 | D:6      | Killed Prince Ribbit
  6821 | D:6      | Found a staircase to the Ecumenical Temple.
  6850 | D:6      | Found a stormy altar of Qazlal.
  6899 | D:7      | Found a flagged portal.
  7394 | D:7      | Reached skill level 5 in Fighting
  7649 | D:7      | Reached skill level 5 in Armour
  7831 | D:7      | Found a glowing silver altar of Zin.
  8226 | D:8      | Found a shattered altar of Ashenzari.
  8300 | D:8      | Reached XP level 10. HP: 78/84 MP: 9/9
  8629 | D:8      | Got an ancient leather armour
  8640 | D:8      | Identified the +2 leather armour of Refuge {rCorr Int+8 Stlth-} (You found it on level 8 of the Dungeon)
  9102 | D:8      | Noticed a three-headed hydra
  9110 | D:8      | Killed a four-headed hydra
  9211 | D:9      | Reached ***** piety under Trog
  9719 | D:9      | Found a radiant altar of Vehumet.
 10327 | D:10     | Entered Level 10 of the Dungeon
 10517 | D:10     | Reached skill level 10 in Fighting
 10802 | D:10     | Found a staircase to the Lair.
 10856 | D:10     | Reached XP level 11. HP: 68/102 MP: 10/10
 11230 | D:10     | Noticed Josephine
 11240 | D:10     | Killed Josephine
 11240 | D:10     | Reached skill level 15 in Axes
 11680 | D:10     | Killed an unseen horror
 12095 | D:10     | Reached skill level 16 in Axes
 12145 | Lair:1   | Entered Level 1 of the Lair of Beasts
 12432 | Lair:1   | Noticed a seven-headed hydra
 12445 | Lair:1   | Killed an eight-headed hydra
 13177 | Lair:1   | Reached skill level 17 in Axes
 14529 | Lair:2   | Reached XP level 12. HP: 107/110 MP: 11/11
 14531 | Lair:2   | Reached skill level 18 in Axes
 15176 | Lair:2   | Gained mutation: You are covered in fur (AC +1). [potion of beneficial mutation]
 15372 | Lair:2   | Identified Wizardry, Part Three
 16208 | Lair:3   | Found a staircase to the Swamp.
 16336 | Lair:3   | Reached skill level 19 in Axes
 17310 | Lair:4   | Received a gift from Trog
 17375 | Lair:4   | Noticed a catoblepas
 17383 | Lair:4   | Killed a catoblepas
 17823 | Lair:4   | Reached skill level 10 in Armour
 18489 | Lair:5   | Noticed ReteAZ's ghost (journeyman MiBe)
 18504 | Lair:5   | Killed ReteAZ's ghost
 18582 | Lair:5   | Found a labyrinth entrance.
 18595 | Lab      | Entered a labyrinth
 18686 | Lab      | Noticed a minotaur
 18691 | Lab      | Killed a minotaur
 18693 | Lab      | Got a wavering marble ring
 18699 | Lab      | Identified Fihyteri's Disquisition on Igneous Augmentations
 18727 | Lab      | Got a bloodstained scale mail
 18738 | Lab      | Identified the +5 scale mail "Vewodong" {*Confuse rN+ Regen+ Stlth+} (You found it in a labyrinth)
 18738 | Lab      | Identified the ring "Ruyruoriorgh" {+Blink MR+ Int-4 Stlth-} (You took it off a minotaur in a labyrinth)
 18927 | Lair:5   | Reached XP level 13. HP: 112/119 MP: 12/12
 19619 | Lair:6   | Noticed Snorg
 19623 | Lair:6   | Received a gift from Trog
 19638 | Lair:5   | Killed Snorg
 19764 | Lair:6   | Found a hole to the Spider Nest.
 20418 | Lair:6   | Found a runed door.
 20420 | Lair:6   | Found a viscous altar of Jiyva.
 20421 | Lair:6   | Found a staircase to the Slime Pits.
 20977 | Lair:7   | Received a gift from Trog
 21354 | Lair:8   | Entered Level 8 of the Lair of Beasts
 21490 | Lair:8   | Reached skill level 5 in Dodging
 21871 | Lair:8   | Gained mutation: You tend to lose your temper in combat. [potion of mutation]
 21871 | Lair:8   | Lost mutation: You tend to lose your temper in combat. [potion of mutation]
 21871 | Lair:8   | Gained mutation: Your spells are a little harder to cast, but a little more powerful. [potion of mutation]
 21928 | Lair:8   | Noticed a dire elephant
 21928 | Lair:8   | Noticed a dire elephant
 21936 | Lair:8   | Killed a dire elephant
 21938 | Lair:8   | Killed a dire elephant
 21952 | Lair:8   | Got an ancient amber ring
 21957 | Lair:8   | Identified the ring "Ygoathol" {rN+ MR+ Str+6} (You found it on level 8 of the Lair of Beasts)
 22018 | Lair:8   | Noticed a dire elephant
 22034 | Lair:8   | Killed a dire elephant
 22072 | Lair:8   | Noticed a dire elephant
 22089 | Lair:8   | Killed a dire elephant
 22339 | Lair:8   | Reached XP level 14. HP: 126/133 MP: 13/13
 23056 | Slime:1  | Entered Level 1 of the Pits of Slime
 23061 | Lair:6   | Fell from the grace of Trog
 23061 | Lair:6   | Became a worshipper of Jiyva Jeic the Shapeless
 23378 | D:11     | Noticed Sonja
 23378 | D:11     | Noticed Maurice
 23664 | D:11     | Reached * piety under Jiyva
 23733 | D:12     | Noticed Rupert
 23747 | D:12     | Killed Rupert
 23747 | D:12     | Reached skill level 10 in Dodging
 23993 | D:12     | Found a roughly hewn altar of Beogh.
 23993 | D:12     | Found a staircase to the Orcish Mines.
 24376 | Orc:1    | Entered Level 1 of the Orcish Mines
 24451 | D:12     | Reached ** piety under Jiyva
 24489 | D:12     | Reached *** piety under Jiyva
 25108 | D:12     | Gained mutation: You are resistant to electric shocks. [Jiyva's grace]
 25130 | D:12     | Reached **** piety under Jiyva
 25216 | D:12     | Gained mutation: You tend to lose your temper in combat. [Jiyva's grace]
 25805 | Orc:1    | Gained mutation: Your body is partially covered in golden eyeballs (Acc +3). [Jiyva's grace]
 25819 | Orc:1    | Reached ***** piety under Jiyva
 26122 | Orc:2    | Gained mutation: You have large cloven feet. [Jiyva's grace]
 26208 | Orc:3    | Found a roughly hewn altar of Beogh.
 26378 | Orc:3    | Found Ojyupn's Food Shop.
 26680 | Orc:3    | Lost mutation: Your spells are a little harder to cast, but a little more powerful. [Jiyva's grace]
 26706 | Orc:3    | Gained mutation: You have a small jelly attached to you that senses nearby items. [Jiyva's grace]
 26707 | Orc:3    | Reached ****** piety under Jiyva
 26709 | Orc:3    | Gained mutation: You are covered in slimy tendrils that may disarm your opponents. [Jiyva's grace]
 26781 | Orc:3    | Gained mutation: You are somewhat resistant to further mutation. [Jiyva's grace]
 26958 | Orc:4    | Entered Level 4 of the Orcish Mines
 26958 | Orc:4    | Found a staircase to the Elven Halls.
 26979 | Orc:4    | Gained mutation: Your mind is acute. (Int +2) [Jiyva's grace]
 27011 | Orc:4    | Noticed an orc warlord
 27013 | Orc:4    | Reached skill level 20 in Axes
 27022 | Orc:4    | Slimified an orc warlord
 27022 | Orc:4    | Noticed an azure jelly
 27022 | Orc:4    | an orc warlord changed into an azure jelly
 27026 | Orc:4    | Gained mutation: You are agile. (Dex +2) [Jiyva's grace]
 27034 | Orc:4    | Noticed Blork the orc
 27046 | Orc:4    | Killed Blork the orc
 27060 | Orc:4    | Gained mutation: You can breathe flames. [Jiyva's grace]
 27072 | Orc:4    | Found a roughly hewn altar of Beogh.
 27134 | Orc:4    | Found Puicouwn's Antique Weapon Boutique.
 27140 | Orc:4    | Found Teel's Antique Armour Boutique.
 27142 | Orc:4    | Gained mutation: Your skin is partially translucent (Stealth, -foe acc). [Jiyva's grace]
 27146 | Orc:4    | Found Ojaoch's Book Boutique.
 27175 | Orc:4    | Gained mutation: You have a small jelly attached to you that may absorb incoming projectiles. [Jiyva's grace]
 27187 | Orc:4    | Lost mutation: You can breathe flames. [Jiyva's grace]
 27199 | Orc:4    | Bought a translucent battleaxe for 322 gold pieces
 27199 | Orc:4    | Identified the cursed +1 battleaxe of the Unspeakable One {freeze, Int+2} (You bought it in a shop on level 4 of the Orcish Mines)
 27208 | Orc:4    | Found Vukkiasm's General Store.
 27232 | Orc:4    | Bought a runed plate armour for 667 gold pieces
 27232 | Orc:4    | Bought a pair of glowing boots for 130 gold pieces
 27291 | Orc:4    | Upgraded the game from 0.18-a0-61-g51eb058 to 0.18-a0-63-g789eb7d
 27408 | Orc:4    | Gained mutation: You are resistant to hostile enchantments. [Jiyva's grace]
 27438 | Orc:4    | Found a burning altar of Makhleb.
 27880 | Orc:4    | Found Poext's Distillery.
 27888 | Orc:4    | Bought a potion of heal wounds for 80 gold pieces
 27888 | Orc:4    | Bought a potion of heal wounds for 80 gold pieces
 27888 | Orc:4    | Bought a potion of haste for 160 gold pieces
 27888 | Orc:4    | Bought a potion of heal wounds for 80 gold pieces
 27892 | Orc:4    | Noticed timbw's ghost (journeyman TrFi)
 27905 | Orc:4    | Killed timbw's ghost
 28345 | D:12     | Noticed a frost giant
 28356 | D:12     | Slimified a frost giant
 28356 | D:12     | Noticed an acid blob
 28356 | D:12     | a frost giant changed into an acid blob
 28356 | D:12     | Lost mutation: Your mind is acute. (Int +2) [Jiyva's grace]
 28427 | D:11     | Killed Maurice
 28453 | D:11     | Killed Sonja
 28547 | D:11     | Gained mutation: Your spells are a little harder to cast, but a little more powerful. [Jiyva's grace]
 28649 | D:11     | Gained mutation: Armour fits poorly on your pseudopods. [Jiyva's grace]
 29170 | Slime:5  | Noticed an acid blob
 29173 | Slime:6  | Entered Level 6 of the Pits of Slime
 29196 | Slime:6  | Lost mutation: You are resistant to hostile enchantments. [Jiyva's grace]
 29203 | Slime:6  | Lost mutation: You are covered in fur (AC +1). [Jiyva's grace]
 29207 | Slime:6  | Gained mutation: You are covered in fur (AC +1). [Jiyva's grace]
 29217 | Slime:6  | Noticed an azure jelly
 29219 | Slime:6  | Noticed an acid blob
 29224 | Slime:6  | Found a viscous altar of Jiyva.
 29226 | Slime:6  | Noticed an acid blob
 29227 | Slime:6  | Got a translucent lead ring
 29229 | Slime:6  | Identified the ring "Jerau" {rF+ MP+9 Str+4} (You found it on level 6 of the Pits of Slime)
 29231 | Slime:6  | Noticed an acid blob
 29231 | Slime:6  | Gained mutation: You can spit weak poison. [Jiyva's grace]
 29233 | Slime:6  | Noticed an acid blob
 29243 | Slime:6  | Identified the Volume of Creative Protection (You found it on level 6 of the Pits of Slime)
 29245 | Slime:6  | Got a slimy rune of Zot
 29256 | Slime:6  | Killed an azure jelly
 29259 | Slime:6  | Got a bloodstained war axe
 29263 | Slime:6  | Identified the cursed +1 war axe of Noon {antimagic, Str-2 Int+2 SInv} (You found it on level 6 of the Pits of Slime)
 29297 | Slime:6  | Noticed an azure jelly
 29338 | Slime:6  | Killed an acid blob
 29348 | Slime:6  | Killed an acid blob
 29352 | Slime:6  | Killed an acid blob
 29353 | Slime:6  | Killed an acid blob
 29358 | Slime:6  | Killed an acid blob
 29359 | Slime:6  | Noticed an acid blob
 29387 | Slime:6  | Killed an acid blob
 29839 | Elf:1    | Entered Level 1 of the Elven Halls
 29846 | Elf:1    | Noticed an azure jelly
 29846 | Elf:1    | a deep elf annihilator changed into an azure jelly
 29847 | Elf:1    | Reached XP level 15. HP: 128/139 MP: 14/14
 29854 | Elf:1    | Reached skill level 21 in Axes
 29863 | Elf:1    | Noticed an azure jelly
 29863 | Elf:1    | a deep elf annihilator changed into an azure jelly
 29878 | Elf:1    | Gained mutation: Your skin is mostly translucent (Stealth, -foe acc). [Jiyva's grace]
 29882 | Elf:1    | Gained mutation: You have acidic saliva. [Jiyva's grace]
 30028 | Elf:1    | Lost mutation: Your spells are a little harder to cast, but a little more powerful. [Jiyva's grace]
 30029 | Elf:1    | Noticed an acid blob
 30029 | Elf:1    | an iron troll changed into an acid blob
 30152 | Elf:1    | Reached skill level 15 in Fighting
 30333 | Elf:1    | Demolished by a deep troll

Vault maps used:
D:1:      dpeg_arrival_round_a
D:2:      lightli_temple_of_fire, first_bread, xom_teletrap_fun, uniq_jessica
D:4:      nicolae_overflow_hidden_temple, kennysheep_cluttered_room
D:5:      gammafunk_temple_overflow_statue, uniq_pikel, uniq_sigmund,
          uniq_grinder
D:6:      nicolae_qazlal_eye_of_the_storm, temple_hall, enter_ossuary_1,
          grunt_decor_mini_mirrors, grunt_ministairs_7,
          hangedman_abyss_or_decor_passed, uniq_prince_ribbit1
D:7:      minmay_flawed_box, kennysheep_little_box, enter_bailey_3
D:8:      basic_altar, hangedman_ranch, grunt_ministairs_14
D:9:      lemuel_doored_altar, st_stairs_9, basic_loot_grate_trap
D:10:     erik_lair_orcish_takeover, kennysheep_decorative_pillar,
          uniq_josephine
D:11:     basic_altar, hive_lemuel, uniq_sonja, uniq_maurice
D:12:     minmay_eight_partial_circles, david_orc_5, uniq_rupert
Lair:1:   minmay_lair_oklob_items, serial_bayou_shore_b, serial_bayou_shore_a
Lair:3:   minmay_swamp_entry_worms, serial_bayou, serial_bayou_pond_a,
          serial_bayou_shore_b, serial_bayou_ford_a, serial_bayou_pond_b,
          nicolae_quartered_pool_little
Lair:4:   serial_bayou_shore_b
Lair:5:   lab_entry_generic, minivault_11, hibernation_bobbens
Lair:6:   beast_lair_carwin_large_2, dummy_spider_entry, slime_altar_2,
          dpeg_stationary_puzzle, uniq_snorg
Lair:8:   due_jungle_book, grunt_megastairs_3
Slime:1:  special_room, cheibrodos_slime_lost_civilization_7
Slime:4:  cheibrodos_slime_lost_civilization_5
Slime:5:  cheibrodos_slime_lost_civilization_1
Orc:3:    serial_shops, shop, basic_altar, nicolae_orc_pool_cavern
Orc:4:    grunt_orc_cross, serial_shops, shop, bloody_makhleb
Elf:1:    basic_altar, minmay_elf_demonology
Lab:      labyrinth_spiral, nicolae_lab_plus
Ossuary:  ossuary_tomb_2

Action                   |  1- 3 |  4- 6 |  7- 9 | 10-12 | 13-15 || total
-------------------------+-------+-------+-------+-------+-------++-------
Melee: Hand axe          |    85 |   146 |   458 |   130 |       ||   819
       Battleaxe         |       |       |       |   612 |  1040 ||  1652
       Unarmed           |       |       |       |     2 |       ||     2
       Falchion          |       |       |       |       |    12 ||    12
Throw: Tomahawk          |       |       |       |     1 |       ||     1
Invok: Trog's Hand       |       |     1 |       |       |       ||     1
       Berserk           |       |       |     5 |     8 |     2 ||    15
       Brothers in Arms  |       |       |       |     9 |     3 ||    12
       Burn Spellbooks   |       |       |       |     2 |     3 ||     5
       Slimify           |       |       |       |       |    17 ||    17
       Jelly Paralyse    |       |       |       |       |     2 ||     2
       Cure Bad Mutation |       |       |       |       |     1 ||     1
Evoke: Wand              |       |       |       |     4 |     9 ||    13
  Use: Scroll            |       |     8 |       |    18 |    18 ||    44
       Potion            |       |       |       |     2 |    13 ||    15
 Stab: Distracted        |       |       |       |     2 |     1 ||     3
       Sleeping          |       |       |       |       |     1 ||     1
       Confused          |       |       |       |       |     3 ||     3
  Eat: Chunk             |     1 |     7 |    22 |    33 |    19 ||    82
       Meat ration       |       |       |     1 |       |       ||     1
       Fruit             |       |       |       |    11 |     3 ||    14
       Pizza             |       |       |       |     2 |       ||     2
       Beef jerky        |       |       |       |       |     1 ||     1
